 Dungeon Crawl Stone Soup version 0.29-a0-410-g9596d59a08 (webtiles) character file.

Game seed: 13999385123684009185

52 Lekart the Skirmisher (level 3, 0/33 HPs)
             Began as a Draconian Chaos Knight on May 14, 2022.
             Was a Plaything of Xom.
             Succumbed to an adder's poison
             ... on level 2 of the Dungeon.
             The game lasted 00:02:43 (1280 turns).

Lekart the Skirmisher (Draconian Chaos Knight)      Turns: 1280, Time: 00:02:44

Health: 0/33       AC:  5    Str: 16    XL:     3   Next: 60%
Magic:  3/3        EV: 12    Int: 12    God:    Xom [.*....]
Gold:   87         SH:  0    Dex: 12    Spells: 2/2 levels left

rFire   . . .      SeeInvis .   a - +0 falchion (chaos)
rCold   . . .      Faith    .   (no shield)
rNeg    . . .      Spirit   .   (body armour unavailable)
rPois   .          Reflect  .   (helmet restricted)
rElec   .          Harm     .   (no cloak)
rCorr   .          Rampage  .   (no gloves)
Will    +....                   (no boots)
Stlth   +.........              (no amulet)
HPRegen 0.11/turn               (no ring)
MPRegen 0.08/turn               (no ring)

@: lethally poisoned (0 -> -4)
A: AC +5, unfitting armour, cold-blooded, stinger 1, strong-willed 1, strong 1
a: Renounce Religion


You were on level 2 of the Dungeon.
You worshipped Xom.
You were a plaything of Xom.
You visited 1 branch of the dungeon, and saw 2 of its levels.

You collected 87 gold pieces.

Inventory:

Hand Weapons
 a - a +0 falchion of chaos (weapon)
Scrolls
 d - 2 scrolls of identify {unknown}
 f - a scroll of amnesia {unknown}
 h - 2 scrolls of immolation {unknown}
 i - a scroll of fear {unknown}
 j - a scroll of poison {unknown}
Potions
 e - 2 potions of attraction {unknown}
 g - a potion of curing {unknown}
 k - a potion of heal wounds {unknown}
Miscellaneous
 b - a piece from Xom's chessboard (15/15) (quivered)


   Skills:
 * Level 4.1 Fighting
 + Level 3.4 Long Blades
 + Level 2.5 Dodging
 + Level 1.2 Evocations


You had 2 spell levels left.
You didn't know any spells.
Your spell library was empty.

Dungeon Overview and Level Annotations

Branches:
Dungeon (2/15)

Altars:
Nemelex Xobeh


Innate Abilities, Weirdness & Mutations

Your plain brown scales are hard. (AC +5)
You cannot fit into any form of body armour.
You are cold-blooded and may be slowed by cold attacks.
Your tail ends in a venomous barb.
You are strong-willed. (Will+)
Your muscles are strong. (Str +2)


Message History

You are too injured to fight recklessly!
You are too injured to fight recklessly!
You are too injured to fight recklessly!
You barely miss the adder.
The adder is heavily wounded.
You feel sick. The adder bites you but does no damage. The adder misses you.
You barely miss the adder.
The adder is heavily wounded.
You feel sick. The adder barely misses you.
The adder bites you but does no damage.
You miss the adder.
The adder is heavily wounded.
You feel sick. The adder bites you.
* * * LOW HITPOINT WARNING * * *
The adder barely misses you. x2
You barely miss the adder.
The adder is heavily wounded.
You feel sick. The adder closely misses you. The adder misses you.
You hit the adder.
The adder is almost dead.
You feel sick.
You are no longer poisoned.
The adder bites you but does no damage. x2
Okay, then.
You closely miss the adder.
The adder is almost dead.
The adder misses you. The adder barely misses you.
You barely miss the adder.
The adder is almost dead.
The adder barely misses you. The adder closely misses you. The adder bites you.
* * * LOW HITPOINT WARNING * * *
You are lethally poisoned!
The adder poisons you!
You hit the adder. You burn the adder.
You kill the adder!
* * * LOW HITPOINT WARNING * * *
You feel sick.
It was a potion of magic.
Magic courses through your body.
You die...
Xom titters!

# ####.### .#
#@.....# .#
#.#.##.# .#
#.# # .# #.#
.#
###.########
.#
#.#...........
.#
#.#.#.########
.# ..# #.#.#.#
.# ...#
#.#.#.#


There were no monsters in sight!

Vanquished Creatures
  An adder (D:2)
  A worm (D:2)
  A dart slug (D:1)
  4 bats
  3 endoplasms (D:1)
  2 giant cockroaches (D:1)
  A goblin (D:1)
  6 hobgoblins (D:1)
  4 jackals (D:1)
  3 ball pythons (D:1)
  3 kobolds (D:1)
  3 rats
32 creatures vanquished.

Vanquished Creatures (collateral kills)
  2 jackals (D:1)
  A frilled lizard (D:1)
3 creatures vanquished.

Grand Total: 35 creatures vanquished

Notes
Turn   | Place    | Note
-------+----------+-------------------------------------------
     0 | D:1      | Lekart the Draconian Chaos Knight began the quest for the
                  | Orb.
     0 | D:1      | Reached XP level 1. HP: 19/19 MP: 1/1
    25 | D:1      | XOM: silly message
    56 | D:1      | XOM: give mutations
    56 | D:1      | Gained mutation: Your muscles are strong. (Str +2) [Xom's
                  | grace]
    56 | D:1      | Gained mutation: You have hidden genetic potential. [Xom's
                  | grace]
   105 | D:1      | Reached XP level 2. HP: 17/26 MP: 2/2
   109 | D:1      | Gained mutation: You are strong-willed. (Will+) [hidden
                  | potential]
   290 | D:1      | XOM: enchant monster (good)
   370 | D:1      | XOM: 2-stop teleportation journey
   602 | D:1      | Reached skill level 1 in Evocations
   605 | D:1      | Reached XP level 3. HP: 13/33 MP: 3/3
   824 | D:1      | Gained mutation: Your tail ends in a venomous barb. [hidden
                  | potential]
   824 | D:1      | Lost mutation: You have hidden genetic potential. [hidden
                  | potential expressed]
   966 | D:1      | XOM: silly message
   972 | D:1      | Reached skill level 4 in Fighting
  1085 | D:2      | Found a sparkling altar of Nemelex Xobeh.
  1279 | D:2      | HP: 1/33 [poisoned by an adder]
  1280 | D:2      | Succumbed to an adder's poison

Illustrated notes

Levels and vault maps discovered:
D:1:      heliophobic_arrival_ceremonial_halls, layout_rooms,
          palyth_stone_intersect
D:2:      layout_basic, basic_altar, uniq_sigmund

Skill      XL: |  1  2  3 |
---------------+----------+-----
Evocations     | 1 |  1.2
Fighting       | 4 |  4.1
Long Blades    | |  3.4
Dodging        | |  2.5

Action                   || total
-------------------------++-------
Melee: Falchion          ||   116
       Tailslap          ||    11
  Use: Potion            ||     1
Armor: Skin              ||    39
Dodge: Dodged            ||    93

Table legend: (Time is in decaauts)
 A = Elapsed time spent in this place.
 B = Non-inter-level travel time spent in this place.
 C = Inter-level travel time spent in this place.
 D = Time resting spent in this place.
 E = Time spent auto-exploring this place.
 F = Levels seen in this place.
 G = Mean time per level.
                   A        B        C        D        E       F      G
               +--------+--------+--------+--------+--------+-----+--------+
         Total |   1296 |   1290 |      6 |    168 |    893 |   2 |  648.0 |
       Dungeon |   1296 |   1290 |      6 |    168 |    893 |   2 |  648.0 |
               +--------+--------+--------+--------+--------+-----+--------+

Top non-repeatable levels by time:
     D:1: 1056 daAuts
     D:2: 240 daAuts
